Map: Terraços Prion

Players

WhosJohnGalt - Winner!

  • Race: Zerg Zerg
  • League: Master

TheZergLord

  • Race: Zerg Zerg
  • League: Master

VOD

Have the link to the VOD?

Description

Time

  • Played on: April 26, 2016, 7:47 a.m.
  • Length: 4:44
Show
View Real Time Build Order
Export as new Build Order

WhosJohnGalt Zerg - Winner!

Build Orders: Pool First, Zergling Baneling 

Get SALT Encoding   

  12  0:17  Spawning Pool  
  11  0:22  Drone  
  11  0:28  Drone  
  13  0:33  Extractor  
  13  0:34  Drone  
  13  0:43  Overlord  
  13  1:05  Zergling x6  
  13  1:08  Queen  
  18  1:16  Zergling x2  
  19  1:28  Zergling x2  
  20  1:35  Metabolic Boost  
  20  1:38  Zergling x2  
  21  1:48  Overlord  
  21  2:00  Baneling Nest  
  20  2:01  Zergling x2  
  21  2:18  Zergling x6  
  24  2:31  Zergling x4  
  25  2:39  Zergling x2  
  26  2:49  Baneling x4  
  27  2:58  Zergling x6  
  27  3:25  Zergling x6  
  21  3:39  Zergling x6  
  23  3:46  Baneling x2  
  23  3:48  Drone  
  22  4:19  Hatchery  
  22  4:20  Drone x3  
  24  4:28  Baneling x3  
Show
View Real Time Build Order
Export as new Build Order

TheZergLord Zerg 

Build Orders: Hatch First 

Get SALT Encoding   

  12  0:01  Drone  
  13  0:12  Overlord  
  13  0:18  Drone  
  14  0:31  Drone x2  
  14  0:35  Drone  
  17  0:52  Hatchery  
  17  0:55  Drone  
  17  1:08  Spawning Pool  
  17  1:10  Extractor  
  15  1:13  Drone  
  15  1:16  Drone  
  17  1:20  Drone  
  18  1:29  Drone  
  19  1:40  Overlord  
  19  1:55  Baneling Nest  
  19  1:56  Queen  
  19  1:57  Zergling x2  
  19  2:00  Spine Crawler  
  20  2:02  Zergling x2  
  19  2:19  Zergling x2  
  19  2:35  Zergling x4  
  21  2:39  Baneling  
  20  2:59  Drone  
  20  3:00  Drone x2  
  20  3:02  Zergling x6  
  20  3:04  Baneling  
  26  3:06  Baneling  
  15  3:28  Zergling x4  
  15  3:29  Zergling x2  
  16  3:38  Baneling  
  16  3:48  Baneling  
  16  3:52  Zergling x4  
  18  3:56  Baneling  
Tags
 
Add a new tag
Caveats
  • Supply blocks, unpowered buildings, or Contaminate may cause inaccurate times.
  • Supply counts are checked every 10 seconds.